 Dungeon Crawl Stone Soup version 0.29.0-4-gdea44cf6ec (webtiles) character file.

Game seed: 13632209090799284374

175 qw the Chopper (level 5, -1/30 HPs)
             Began as a Tengu Warper on Aug 28, 2022.
             Slain by a gnoll
             ... wielding a +0 halberd
             ... led by a gnoll bouda
              (9 damage)
             ... on level 4 of the Dungeon.
             The game lasted 00:00:17 (2670 turns).

qw the Chopper (Tengu Warper)                       Turns: 2670, Time: 00:00:18

Health: -1/30      AC:  9    Str: 13    XL:     5   Next: 55%
Magic:  9/9        EV:  7    Int: 14    God:
Gold:   182        SH:  0    Dex: 13    Spells: 8/8 levels left

rFire   . . .      SeeInvis .   Y - +0 hand axe
rCold   . . .      Faith    .   (no shield)
rNeg    . . .      Spirit   .   c - +0 chain mail
rPois   .          Reflect  .   (helmet restricted)
rElec   .          Harm     .   h - +0 cloak
rCorr   .          Rampage  .   (no gloves)
Will    .....                   (boots unavailable)
Stlth   ..........              (no amulet)
HPRegen 0.10/turn               (no ring)
MPRegen 0.11/turn               (no ring)

@: weakened, flying quickly and evasively, quick
A: beak, talons 3, nimble flight
a: no special abilities


You were on level 4 of the Dungeon.
You visited 1 branch of the dungeon, and saw 4 of its levels.

You collected 182 gold pieces.


Innate Abilities, Weirdness & Mutations

You have a beak for a mouth.
You have claws for feet.
Your magical nature lets you fly swiftly and evasively.


   Skills:
 - Level 2.0 Fighting
 - Level 5.9 Axes
 - Level 1.0 Throwing
 + Level 1.8 Armour
 - Level 2.1 Dodging
 - Level 2.0 Spellcasting
 - Level 2.4 Translocations


You had 8 spell levels left.
You didn't know any spells.
Your spell library contained the following spells:

 Spells                   Type           Power      Damage    Failure   Level
 Blink                    Tloc           16%        N/A       99%         2
 Gell's Gravitas          Tloc           8%         N/A       100%        3
 Lesser Beckoning         Tloc           8%         N/A       100%        3
 Teleport Other           Tloc           8%         N/A       100%        3
 Manifold Assault         Tloc           8%         N/A       100%        5

Inventory:

Hand Weapons
 b - a +0 flail
 Y - a +0 hand axe (weapon)
Armour
 c - a +0 chain mail (worn)
 h - a +0 cloak (worn)
Jewellery
 k - a ring of ice
Potions
 d - a potion of curing {unknown}
 e - 2 potions of heal wounds
 f - a potion of attraction {unknown}
 i - a potion of berserk rage {unknown}

Dungeon Overview and Level Annotations

Branches:
Dungeon (4/15)
 Temple: D:4-7

Altars:

Shops:
D:3 [


Message History

You hear a shout!
You barely miss the gnoll. Your kick misses the gnoll.
You peck the gnoll, but do no damage. The gnoll barely misses you.
You hit the gnoll. You claw the gnoll!
The gnoll is almost dead.
You closely miss the gnoll.
The gnoll is almost dead.
You hit the gnoll bouda but do no damage.
The gnoll barely misses you.
A gnoll comes into view. It is wielding a +0 halberd.
The gnoll bouda barely misses you.
You hit the gnoll.
You kill the gnoll!
You hit the gnoll bouda but do no damage.
The gnoll barely misses you.
The gnoll bouda hits you with a +0 whip.
You hit the gnoll bouda but do no damage.
Your kick misses the gnoll bouda. The gnoll hits you but does no damage.
The gnoll bouda closely misses you.
You hit the gnoll bouda.
The gnoll bouda is lightly wounded.
The gnoll hits you from afar with a +0 halberd!
The gnoll bouda gazes fiercely through you!
You feel your attacks grow feeble. The gnoll bouda barely misses you.
You hit the gnoll bouda but do no damage.
Your kick misses the gnoll bouda.
The gnoll bouda is lightly wounded.
The gnoll hits you from afar with a +0 halberd.
The gnoll bouda hits you with a +0 whip.
You hit the gnoll bouda.
The gnoll bouda is moderately wounded.
The gnoll barely misses you.
The gnoll bouda hits you with a +0 whip.
You hit the gnoll bouda.
You claw the gnoll bouda, but do no damage.
The gnoll bouda is moderately wounded.
The gnoll hits you from afar with a +0 halberd!
You die...

. ###### ..
#....# ...
#....# g.g.
#....# .....
#@)..#
......#g...#
...g..g....#
......##'###
###+#####....#
.............#
.............#
.............#
.............#


You could see a gnoll bouda and a gnoll (swift).

Vanquished Creatures
  A scorpion (D:3)
  2 gnolls (D:4)
  An adder (D:2)
  An ufetubus (D:3)
  3 worms
  2 dart slugs
  5 orcs (D:3)
  5 bats
  6 endoplasms
  3 giant cockroaches
  9 goblins
  4 hobgoblins
  5 quokkas
  5 ball pythons
  4 frilled lizards
  5 kobolds
  3 rats
64 creatures vanquished.

Notes
Turn   | Place    | Note
-------+----------+-------------------------------------------
     0 | D:1      | qw the Tengu Warper began the quest for the Orb.
     0 | D:1      | Reached XP level 1. HP: 12/12 MP: 4/4
     0 | D:1      | 0 ||| qw: Version: 0.1-a-89-g26bdef1
     0 | D:1      | 0 ||| qw: Game counter: 1837
     0 | D:1      | 0 ||| qw: Always use a shield: true
     0 | D:1      | 0 ||| qw: God list: Okawaru
     0 | D:1      | 0 ||| qw: Allow faded altars: false
     0 | D:1      | 0 ||| qw: Do Orc after D:15 true
     0 | D:1      | 0 ||| qw: Do second Lair branch before Depths: true
     0 | D:1      | 0 ||| qw: Lair rune preference: random
     0 | D:1      | 0 ||| qw: Plans: Normal
     0 | D:1      | 0 ||| PLANNING D:1-11
   187 | D:1      | 187 ||| Stepping ~*~*~tactically~*~*~ (stealth).
   191 | D:1      | Reached skill level 3 in Axes
   191 | D:1      | Reached XP level 2. HP: 17/17 MP: 6/6
   250 | D:1      | Found a faded altar of an unknown god.
   388 | D:1      | 388 ||| Stepping ~*~*~tactically~*~*~ (stealth).
   702 | D:1      | 702 ||| UPGRADING to +0 cloak.
   707 | D:1      | 707 ||| READING scroll labelled TUONYIR NAUD.
   708 | D:1      | 708 ||| READING scroll labelled PILIENT IXKANNOS.
   709 | D:1      | 709 ||| DRINKING 2 white potions.
   710 | D:1      | 710 ||| DRINKING 2 brown potions.
   711 | D:1      | 711 ||| DROPPING scroll of blinking.
   712 | D:1      | 712 ||| DROPPING potion of magic.
   713 | D:1      | 713 ||| DROPPING potion of flight.
   763 | D:2      | 763 ||| Stepping ~*~*~tactically~*~*~ (stealth).
   765 | D:2      | 765 ||| Stepping ~*~*~tactically~*~*~ (stealth).
   768 | D:2      | Reached XP level 3. HP: 21/21 MP: 7/7
  1035 | D:2      | Reached skill level 4 in Axes
  1387 | D:2      | 1387 ||| UPGRADING to +0 ring mail.
  1397 | D:2      | 1397 ||| DROPPING +0 leather armour.
  1398 | D:2      | 1398 ||| READING scroll labelled IRURUASYRO.
  1641 | D:3      | 1641 ||| DROPPING +0 whip.
  1730 | D:3      | Reached XP level 4. HP: 20/26 MP: 8/8
  1855 | D:3      | 1855 ||| Stepping ~*~*~tactically~*~*~ (stealth).
  1985 | D:3      | Found Duhyrem's Antique Armour Shop.
  1992 | D:3      | 1992 ||| SHOPLISTING runed buckler (150 gold, have 128).
  2043 | D:3      | Noticed a scorpion
  2049 | D:3      | Killed a scorpion
  2050 | D:3      | Reached skill level 5 in Axes
  2050 | D:3      | Gained mutation: Your magical nature lets you fly swiftly
                  | and evasively. [Tengu growth]
  2050 | D:3      | Reached XP level 5. HP: 25/30 MP: 9/9
  2050 | D:3      | 2050 ||| FLEEEEING.
  2051 | D:3      | 2051 ||| FLEEEEING.
  2053 | D:3      | 2053 ||| FLEEEEING.
  2054 | D:3      | 2054 ||| FLEEEEING.
  2055 | D:3      | 2055 ||| FLEEEEING.
  2056 | D:3      | 2056 ||| FLEEEEING.
  2057 | D:3      | 2057 ||| FLEEEEING.
  2058 | D:3      | 2058 ||| FLEEEEING.
  2061 | D:3      | 2061 ||| FLEEEEING.
  2062 | D:3      | 2062 ||| FLEEEEING.
  2063 | D:3      | 2063 ||| FLEEEEING.
  2071 | D:3      | 2071 ||| FLEEEEING.
  2072 | D:3      | 2072 ||| FLEEEEING.
  2073 | D:3      | 2073 ||| FLEEEEING.
  2074 | D:3      | 2074 ||| FLEEEEING.
  2075 | D:3      | 2075 ||| FLEEEEING.
  2076 | D:3      | 2076 ||| FLEEEEING.
  2464 | D:3      | 2464 ||| Stepping ~*~*~tactically~*~*~ (stealth).
  2606 | D:3      | 2606 ||| UPGRADING to +0 chain mail.
  2616 | D:3      | 2616 ||| DROPPING +0 ring mail.
  2617 | D:3      | 2617 ||| READING scroll labelled HUARPH ANGEPS.
  2621 | D:3      | 2621 ||| READING scroll labelled GAWACY WIMYXTIM.
  2622 | D:3      | 2622 ||| DRINKING 3 puce potions.
  2655 | D:4      | 2655 ||| Stepping ~*~*~tactically~*~*~ (hiding).
  2658 | D:4      | 2658 ||| Stepping ~*~*~tactically~*~*~ (hiding).
  2670 | D:4      | Slain by a gnoll

Levels and vault maps discovered:
D:1:      giann_bridges, layout_basic, ebering_ecumenical_altar_petrified
D:2:      layout_rooms
D:3:      minmay_chambers_of_twos, layout_basic, serial_shops, shop_fountains,
          grunt_decor_resistance
D:4:      layout_gridville, uniq_edmund, uniq_blork_the_orc

Skill      XL: |  1  2  3  4 |
---------------+-------------+-----
Axes           | 3 4 5 |  5.9
Fighting       | |  2.0
Throwing       | |  1.0
Armour         | |  1.8
Dodging        | |  2.1
Spellcasting   | |  2.0
Translocations | |  2.4

Action                   |  1- 3 |  4- 6 || total
-------------------------+-------+-------++-------
Melee: Hand axe          |    73 |    69 ||   142
       Peck              |    10 |     3 ||    13
       Kick              |    20 |    23 ||    43
Throw: Javelin           |    25 |     4 ||    29
       Boomerang         |     7 |       ||     7
  Use: Scroll            |     3 |     2 ||     5
       Potion            |     2 |     1 ||     3
Armor: Leather armour    |    10 |       ||    10
       Ring mail         |     1 |    11 ||    12
       Chain mail        |       |     4 ||     4
Dodge: Dodged            |    34 |    29 ||    63

Table legend:
 A = Non-vault XP
 B = Vault XP
 C = Vault XP percentage of total XP
 D = Non-vault monster count
 E = Vault monster count
 F = Vault count percentage of total count
                 A         B        C        D         E       F
            +---------+---------+-------+---------+---------+-------
      Total |     237 |      14 |   5.6 |      56 |       8 |  12.5
            +---------+---------+-------+---------+---------+-------
        D:1 |      32 |       0 |   0.0 |      19 |       0 |   0.0
        D:2 |      35 |       0 |   0.0 |      12 |       0 |   0.0
        D:3 |     137 |      14 |   9.3 |      21 |       8 |  27.6
        D:4 |      33 |       0 |   0.0 |       4 |       0 |   0.0
            +---------+---------+-------+---------+---------+-------
